 Dungeon Crawl Stone Soup version 0.18-a0-1105-ge9caa06 (webtiles) character file.

280 Reinor the Covered (level 6, 0/75 HPs)
             Began as a Hill Orc Gladiator on Jan 16, 2016.
             Was an Initiate of Beogh.
             Slain by an orc
             ... wielding a +2 trident of venom
              (2 damage)
             ... on level 4 of the Dungeon.
             The game lasted 00:12:27 (2985 turns).

Reinor the Covered (Hill Orc Gladiator)             Turns: 2985, Time: 00:12:28

Health: 0/75       AC: 23    Str: 18    XL:     6   Next: 27%
Magic:  6/6        EV:  2    Int: 15    God:    Beogh [......]
Gold:   302        SH:  0    Dex: 18    Spells: 0 memorised, 5 levels left

rFire  + . .     SeeInvis .     a - +1 trident
rCold  + . .     Gourm    .     (armour currently unavailable)
rNeg   + + +     Faith    .     (no shield)
rPois  +         Spirit   .     (helmet currently unavailable)
rElec  +         Dismiss  .     (cloak currently unavailable)
rCorr  +         Reflect  .     (gloves currently unavailable)
SustAt .         Harm     .     (boots currently unavailable)
MR     .....     NoTele   +     (no amulet)
Stlth  +++.......               (no ring)
                                r - +2 ring of intelligence

@: brilliant, agile, lethally poisoned (0 -> -14), tree-form, resistant, not
resistant to hostile enchantments, fairly stealthy
A: no striking features
a: Renounce Religion


You were on level 4 of the Dungeon.
You worshipped Beogh.
Beogh was noncommittal.
You were hungry.
You were a tree.
You visited 1 branch of the dungeon, and saw 4 of its levels.

You collected 302 gold pieces.

Inventory:

Hand Weapons
 a - a +1 trident (weapon)
Missiles
 d - 3 throwing nets (quivered)
 y - 7 tomahawks
Armour
 c - a +0 helmet (melded)
 l - a +0 cloak (melded)
 o - a +0 ring mail (melded)
 t - a +1 pair of boots (melded)
Jewellery
 r - a +2 ring of intelligence (left branch)
Scrolls
 e - a scroll of enchant weapon
 h - 2 scrolls of teleportation
 v - a scroll of remove curse
 B - a scroll of amnesia
Potions
 i - a potion of flight
 j - a potion of might
 n - a potion of agility
 w - a potion of ambrosia {unknown}
 z - a potion of invisibility {unknown}
 A - a potion of curing {unknown}
Comestibles
 f - 3 bread rations
 g - 2 meat rations
 x - 3 fruits
 C - a beef jerky


   Skills:
 + Level 2.5 Fighting
 - Level 5.0 Polearms
 - Level 1.7 Throwing
 - Level 5.2 Armour
 - Level 2.4 Dodging


You had 5 spell levels left.
You didn't know any spells.

Dungeon Overview and Level Annotations

Branches:
Dungeon (4/15)
 Temple: D:4-7

Altars:
Nemelex Xobeh
Sif Muna
The Shining One

Shops:
D:4 :

Annotations:
D:4 FIQ's ghost, amateur HOMo


Message History

* * * LOW HITPOINT WARNING * * *
You feel sick. The orc closely misses you.
You hear some strange, mumbled words.
A puff of flame appears from out of thin air!
The puff of flame misses you.
Drink which item? (? for menu, Esc to quit)
It was a potion of cure mutation.
It has a very clean taste.
* * * LOW HITPOINT WARNING * * *
You feel sick. The orc barely misses you.
Something hits you but does no damage.
Drink which item? (? for menu, Esc to quit)
It was a potion of lignification.
You turn into a tree.
Your +0 cloak melds into your body.
Your +0 helmet melds into your body.
Your +1 pair of boots melds into your body.
Your +0 ring mail melds into your body.
Your roots penetrate the ground.
* * * LOW HITPOINT WARNING * * *
You feel sick.
The orc hits you from afar with a trident of venom.
You die...
Beogh appreciates the orc's killing of a heretic priest.

8._.8. ###.......######
.8.8..##.........###### ..#
..8..##...........[)... #..#
##..###......###### #..#
##....##......# # #.##
#..###[....##......# #
....#####..#.o....##############
).........#.#{[........#.......
#... #...#.♣.)......##.##### #...
##..####.......##.# #
#...####...####.......##.# ##
...#.....................##)## #.
............#.#####.##.......####
..#[##.#####.# #.##...........
#..........# #.##.......####
#.###.<....# #.##########
#####'###..# #.# #########


You could see an orc.

Vanquished Creatures
  An ogre (D:4)
  An orc wizard (D:4)
  An orc priest (D:4)
  A gnoll (D:4)
  4 adders
  2 oozes
  2 adder skeletons (D:4)
  2 worms
  2 giant geckos
  5 orcs
  A ball python (D:1)
  3 giant cockroaches
  11 goblins
  7 hobgoblins
  3 jackals (D:3)
  5 kobolds
  9 bats
  2 giant newts (D:3)
  7 rats
69 creatures vanquished.

Vanquished Creatures (others)
  Blork the orc (D:3)
  An orc wizard (D:4)
  An orc priest (D:4)
  2 orcs (D:4)
5 creatures vanquished.

Grand Total: 74 creatures vanquished

Notes
Turn   | Place    | Note
--------------------------------------------------------------
     0 | D:1      | Reinor the Hill Orc Gladiator began the quest for the Orb.
     0 | D:1      | Reached XP level 1. HP: 18/18 MP: 1/1
    73 | D:1      | Reached XP level 2. HP: 23/25 MP: 2/2
   126 | D:1      | Reached skill level 4 in Polearms
   589 | D:2      | Reached XP level 3. HP: 30/30 MP: 3/3
  1108 | D:2      | Found a sparkling altar of Nemelex Xobeh.
  1210 | D:2      | Reached skill level 5 in Polearms
  1531 | D:3      | Reached skill level 1 in Armour
  1531 | D:3      | Reached XP level 4. HP: 24/37 MP: 4/4
  1929 | D:3      | Noticed Blork the orc
  1948 | D:3      | Killed Blork the orc
  2043 | D:4      | Became a worshipper of Beogh the Brigand
  2096 | D:4      | Reached XP level 5. HP: 24/42 MP: 5/5
  2405 | D:4      | Found Oxoocaatwa's Book Shoppe.
  2578 | D:4      | Noticed an ogre
  2579 | D:4      | Noticed FIQ's ghost (amateur HOMo)
  2630 | D:3      | Found a deep blue altar of Sif Muna.
  2832 | D:4      | Found a glowing golden altar of the Shining One.
  2859 | D:4      | Noticed an ogre
  2866 | D:4      | Killed an ogre
  2866 | D:4      | Reached skill level 5 in Armour
  2866 | D:4      | Reached XP level 6. HP: 50/50 MP: 6/6
  2985 | D:4      | HP: 2/75 [poisoned by an orc]
  2985 | D:4      | Slain by an orc

Vault maps used:
D:1:      saegor_arrival_simple_d
D:2:      lemuel_coloured_pillars_altar
D:3:      tgw_sif
D:4:      zin_academy, tso_metal_star, serial_shops,
          nicolae_shop_competitors_out_of_business, minmay_misc_feat_diagonals,
          minmay_misc_feat_roman, roderic_lattice_a, serial_bayou_pond_b

Action                   |  1- 3 |  4- 6 || total
-------------------------+-------+-------++-------
Melee: Trident           |   127 |   126 ||   253
Invok: Convert to Beogh  |       |     1 ||     1
  Use: Scroll            |     7 |     4 ||    11
       Potion            |       |     7 ||     7
 Stab: Sleeping          |     1 |     1 ||     2
  Eat: Chunk             |     2 |     3 ||     5
       Fruit             |       |     1 ||     1
